 Dungeon Crawl Stone Soup version 0.25-a0-482-g9b3b753f3f (webtiles) character file.

Game seed: 14311728250197177547, levelgen mode: deterministic

1916 Aggronaut the Covert (level 8, 0/36 HPs)
             Began as a Spriggan Enchanter on Feb 10, 2020.
             Slain by a wraith (6 damage)
             ... on level 7 of the Dungeon.
             The game lasted 00:22:42 (10151 turns).

Aggronaut the Covert (Spriggan Enchanter)          Turns: 10151, Time: 00:22:43

Health: 0/36       AC:  3    Str:  9      XL:     8   Next: 95%
Magic:  13/13      EV: 18    Int: 16      God:
Gold:   383        SH:  0    Dex: 16 (19) Spells: 3/12 levels left

rFire    . . .     SeeInvis +   t - +2 dagger (venom)
rCold    . . .     Gourm    .   (shield restricted)
rNeg     . . .     Faith    .   b - +0 robe
rPois    .         Spirit   .   (helmet restricted)
rElec    .         Reflect  .   p - +0 cloak
rCorr    .         Harm     .   (gloves unavailable)
MR       +....                  (boots unavailable)
Stlth    +++++.....             (no amulet)
HPRegen  0.12/turn              (no ring)
MPRegen  0.13/turn              i - ring of wizardry

@: mighty, slowed, quick
A: very small, unfitting armour, see invisible, herbivore, speed 3, slow
metabolism 2
a: no special abilities


You were on level 7 of the Dungeon.
You were not hungry.

You visited 2 branches of the dungeon, and saw 8 of its levels.

You collected 383 gold pieces.

Inventory:

Hand Weapons
 l - a +0 shortbow
 t - a +2 dagger of venom (weapon)
Missiles
 v - 3 boomerangs (quivered)
 B - 18 arrows
Armour
 b - a +0 robe (worn)
 p - a +0 cloak (worn)
Jewellery
 i - a ring of wizardry (right hand)
 z - a cursed ring of teleportation {unknown}
 A - a +3 ring of protection {unknown}
Scrolls
 a - 3 scrolls of amnesia {unknown}
 c - 5 scrolls of teleportation
 e - a scroll of fear {unknown}
 f - 2 scrolls of enchant weapon {unknown}
 g - 2 scrolls of immolation {unknown}
 k - 6 scrolls of remove curse
 m - 3 scrolls of magic mapping {unknown}
 u - 2 scrolls of enchant armour {unknown}
 w - a scroll of blinking {unknown}
 y - a scroll of noise {unknown}
Potions
 h - a potion of haste
 j - a potion of berserk rage
 n - 2 potions of flight
 o - a potion of magic
 q - 3 potions of heal wounds
 r - 2 potions of agility {unknown}
 x - a potion of curing {unknown}
Comestibles
 d - 3 rations


   Skills:
 * Level 8.1 Short Blades
 - Level 3.0 Dodging
 + Level 11.2 Stealth
 - Level 2.9 Spellcasting
 - Level 8.0 Hexes


You had 3 spell levels left.
You knew the following spells:

 Your Spells              Type           Power        Failure   Level  Hunger
a - Corona                Hex            ####...      1%          1    #......
b - Ensorcelled Hibernat  Hex/Ice        ###...       2%          2    ##.....
c - Dazzling Flash        Conj/Hex       ###...       4%          3    ###....
d - Confusing Touch       Hex            ####....     1%          3    ###....

Your spell library contained the following spells:

 Spells                   Type           Power        Failure   Level  Hunger
 Slow                     Hex            ####....     1%          2    ##.....
 Tukima's Dance           Hex            ####....     1%          3    ###....
 Inner Flame              Hex/Fire       ###.....     4%          3    ###....
 Portal Projectile        Hex/Tloc       ###...       4%          3    ###....
 Cause Fear               Hex            ####......   2%          4    #####..
 Leda's Liquefaction      Hex/Erth       ###.......   16%         4    #####..


Dungeon Overview and Level Annotations

Branches:
Dungeon (7/15)             Temple (1/1) D:5

Altars:
Ashenzari
Cheibriados
Elyvilon
Fedhas
Hepliaklqana
Makhleb
Nemelex Xobeh
Okawaru
Qazlal
Trog
Uskayaw
Vehumet
Xom
Yredelemnul
Zin


Innate Abilities, Weirdness & Mutations

You are very small and have problems with some larger weapons.
You are too small for most types of armour.
You have supernaturally acute eyesight. (SInv)
You are a herbivore.
You cover ground extremely quickly.
You need to consume almost no food.


Message History

You hit the wraith but do no damage.
The wraith is heavily damaged.
The wraith hits you!
* * * LOW HITPOINT WARNING * * *
You barely miss the wraith.
The wraith is heavily damaged.
The wraith completely misses you.
You puncture the wraith!
The wraith is severely damaged.
The wraith misses you.
You closely miss the wraith.
The wraith is severely damaged.
The wraith misses you.
You hit the wraith but do no damage.
The wraith is severely damaged.
The wraith misses you.
You hit the wraith.
The wraith is almost destroyed.
The wraith hits you.
You die...

####### #.....#
#########
#########.###.#
#.......#
##.....(...# #.#
#.#####.#
##...######.###.#
#.# #.# #.....#
#.....# #.# #.#
##...## ###.### #.#
#.#####.## ##.###
####.#####...W@..#
#....##
#.......########.#
#.#.#.# #.##.##.#
##+## #.(..## # #.#
# ##...## ####.# #.#
##.....## ###.# #.#
##.......## ##.#.#
#..
#.........####....#
...
+.........'.......#
...
#......†..####......


You could see a wraith.

Vanquished Creatures
  Grinder (D:5)
  The ghost of demivan the Ruffian, an amateur TrFi (D:6)
  A black bear (D:7)
  An orc warrior (D:3)
  2 ice beasts (D:6)
  A necrophage (D:6)
  A big kobold (D:7)
  2 bullfrogs (D:6)
  A howler monkey (D:7)
  A crimson imp (D:5)
  2 quasits (D:7)
  A jelly (D:7)
  An orc priest (D:3)
  Crazy Yiuf (D:2)
  2 orc wizards
  2 bullfrog skeletons
  3 iguanas
  11 worker ants
  7 gnolls
  12 adders
  A shadow imp (D:7)
  2 oozes
  An adder skeleton (D:6)
  7 worms
  2 leopard geckos
  13 orcs
  5 ball pythons
  7 bats
  2 giant cockroaches
  8 goblins
  13 hobgoblins
  3 jackals (D:3)
  13 kobolds
  2 quokkas
  3 frilled lizards
  A jackal zombie (D:6)
  4 rats
141 creatures vanquished.

Notes
Turn   | Place    | Note
-------+----------+-------------------------------------------
     0 | D:1      | Aggronaut the Spriggan Enchanter began the quest for the
                  | Orb.
     0 | D:1      | Reached XP level 1. HP: 9/9 MP: 5/5
   474 | D:1      | Reached XP level 2. HP: 13/13 MP: 6/6
   824 | D:2      | Learned a level 2 spell: Ensorcelled Hibernation
  1083 | D:2      | Reached skill level 5 in Stealth
  1558 | D:2      | Found a blossoming altar of Fedhas.
  1561 | D:2      | Reached XP level 3. HP: 13/16 MP: 8/8
  2138 | D:2      | Found a shimmering altar of Xom.
  2308 | D:2      | Reached skill level 5 in Hexes
  2308 | D:2      | Reached XP level 4. HP: 21/21 MP: 6/9
  2491 | D:2      | Found a runed translucent door.
  2492 | D:2      | Noticed Crazy Yiuf
  2501 | D:2      | Killed Crazy Yiuf
  2501 | D:2      | Reached skill level 6 in Stealth
  2961 | D:2      | Reached XP level 5. HP: 24/24 MP: 5/10
  3806 | D:3      | Learned a level 3 spell: Dazzling Flash
  3811 | D:3      | Learned a level 3 spell: Confusing Touch
  4594 | D:3      | Found a sparkling altar of Nemelex Xobeh.
  4663 | D:3      | Noticed an orc warrior
  4665 | D:3      | Reached skill level 7 in Stealth
  4667 | D:3      | Killed an orc warrior
  4667 | D:3      | Reached XP level 6. HP: 28/28 MP: 11/11
  5368 | D:4      | HP: 1/28 [gnoll/+0 spear (11)]
  5777 | D:4      | Reached skill level 8 in Stealth
  6022 | D:4      | Reached XP level 7. HP: 31/32 MP: 5/12
  6227 | D:4      | Found a burning altar of Makhleb.
  6303 | D:5      | Entered Level 5 of the Dungeon
  6390 | D:5      | Found an iron altar of Okawaru.
  6390 | D:5      | Found a basalt altar of Yredelemnul.
  6402 | D:5      | Found a staircase to the Ecumenical Temple.
  6424 | Temple   | Entered the Ecumenical Temple
  6796 | D:5      | Found a white marble altar of Elyvilon.
  6973 | D:5      | Noticed Grinder
  7261 | D:5      | Killed Grinder
  7261 | D:5      | Reached skill level 9 in Stealth
  7825 | D:6      | Reached skill level 5 in Short Blades
  7825 | D:6      | Reached XP level 8. HP: 33/36 MP: 13/13
  8286 | D:6      | Reached skill level 10 in Stealth
  8723 | D:6      | Found a runed translucent door.
  8723 | D:6      | Noticed demivan's ghost (amateur TrFi)
  8727 | D:6      | Killed demivan's ghost
  9079 | D:7      | Found the +5 scythe "Finisher" {speed, eviscerate}
  9497 | D:7      | Reached skill level 11 in Stealth
 10151 | D:7      | Slain by a wraith

Levels and vault maps discovered:
D:1:      dpeg_arrival_brainrot, layout_basic, item_on_display_a
D:2:      layout_basic, lemuel_crystal_altar, brannock_xom_greatest_gift,
          first_ration, minmay_tall_x, uniq_crazy_yiuf_cottage
D:3:      layout_loops_ring, lemuel_coloured_pillars_altar
D:4:      layout_basic, lemuel_doored_altar
D:5:      layout_gridville, gammafunk_temple_overflow_elements,
          minmay_temple_entry_statues_fountains, basic_altar, uniq_grinder
D:6:      layout_basic, gammafunk_ghost_grave, chequers_serial_rivers_marsh
D:7:      layout_loops_corners, minmay_guarded_unrand_finisher
Temple:   compressed_dpeg_triangle_lava_temple

Skill      XL: |  1  2  3  4  5  6  7  8 |
---------------+-------------------------+-----
Hexes          | 4 5 7 8 |  8.0
Stealth        | 5 6 7 8 9 11 | 11.2
Short Blades   | 5 8 |  8.1
Dodging        | |  3.0
Spellcasting   | |  2.9

Action                   |  1- 3 |  4- 6 |  7- 9 || total
-------------------------+-------+-------+-------++-------
Melee: Dagger            |    88 |   236 |   286 ||   610
 Cast: Ensorcelled Hiber |    10 |    45 |     1 ||    56
       Dazzling Flash    |       |     1 |     8 ||     9
       Confusing Touch   |       |       |     5 ||     5
  Use: Scroll            |       |     6 |     3 ||     9
       Potion            |       |       |     2 ||     2
 Stab: Sleeping          |    17 |    32 |    18 ||    67
       Distracted        |     1 |     2 |       ||     3
       Invisible         |       |       |     2 ||     2
       Confused          |       |       |     3 ||     3
  Eat: Ration            |       |     3 |     3 ||     6
Armor: Robe              |     2 |    19 |    33 ||    54
Dodge: Dodged            |    54 |   199 |   196 ||   449

Table legend:
 A = Non-vault XP
 B = Vault XP
 C = Vault XP percentage of total XP
 D = Non-vault monster count
 E = Vault monster count
 F = Vault count percentage of total count
                 A         B        C        D         E       F
            +---------+---------+-------+---------+---------+-------
      Total |    2277 |     461 |  16.8 |     133 |       8 |   5.7
            +---------+---------+-------+---------+---------+-------
        D:1 |      13 |       5 |  27.8 |       7 |       1 |  12.5
        D:2 |     152 |      46 |  23.2 |      29 |       5 |  14.7
        D:3 |     362 |       0 |   0.0 |      35 |       0 |   0.0
        D:4 |     197 |       0 |   0.0 |      13 |       0 |   0.0
        D:5 |     224 |     277 |  55.3 |      13 |       1 |   7.1
        D:6 |     791 |     133 |  14.4 |      21 |       1 |   4.5
        D:7 |     538 |       0 |   0.0 |      15 |       0 |   0.0
            +---------+---------+-------+---------+---------+-------
